 Dungeon Crawl Stone Soup version 0.20.0-7-g3b7b877 (webtiles) character file.

310 Hasart the Poker (level 6, -8/43 HPs)
             Began as an Octopode Fighter on May 30, 2017.
             Mangled by an ogre
             ... wielding a +0 giant club
              (27 damage)
             ... on level 4 of the Dungeon.
             The game lasted 00:04:42 (2762 turns).

Hasart the Poker (Octopode Fighter)                 Turns: 2762, Time: 00:04:44

Health: -8/43      AC:  1    Str: 16    XL:     6   Next: 41%
Magic:  15/15      EV: 12    Int: 10    God:
Gold:   154        SH: 13    Dex: 13    Spells: 5/5 levels left

rFire    . . .     SeeInvis .   a - +0 trident
rCold    . . .     Gourm    .   b - +0 shield
rNeg     . . .     Faith    .   (helmet restricted)
rPois    .         Spirit   .   u - +4 amulet of reflection
rElec    .         Reflect  +   w - ring of magical power
rCorr    .         Harm     .   (no ring)
MR       .....                  (no ring)
Stlth    ++........             (no ring)
Regen    0.2/turn               (no ring)
MPRegen  0.2/turn               (no ring)
                                (no ring)
                                (no ring)

@: no status effects
A: almost no armour, stealthy swim, amphibious, 8 rings, constrict 8, camouflage
1, gelatinous body 1
a: no special abilities


You were on level 4 of the Dungeon.
You were very hungry.

You visited 1 branch of the dungeon, and saw 4 of its levels.
You also visited: Sewer.

You collected 154 gold pieces.

Inventory:

Hand Weapons
 a - a +0 trident (weapon)
Armour
 b - a +0 shield (worn)
Jewellery
 u - a +4 amulet of reflection (around mantle)
 w - a ring of magical power (left tentacle)
Wands
 o - a wand of iceblast (8/15)
Scrolls
 i - 4 scrolls of identify {unknown}
 j - 5 scrolls of fog {unknown}
 k - a scroll of remove curse {unknown}
 p - 2 scrolls of teleportation {unknown}
 r - a scroll of fear {unknown}
 v - a scroll of enchant armour {unknown}
Potions
 c - 2 potions of might
 e - a potion of cancellation {unknown}
 f - a potion of haste {unknown}
 g - 3 potions of magic {unknown}
 l - a potion of flight {unknown}
 n - a potion of ambrosia {unknown}
 q - 2 potions of curing {unknown}
 s - 2 potions of brilliance {unknown}
 t - a potion of agility {unknown}
Comestibles
 d - 3 bread rations
 h - 2 royal jellies
 m - a meat ration


   Skills:
 + Level 4.0 Fighting
 * Level 4.4 Polearms
 + Level 3.9 Dodging
 + Level 4.2 Shields


You had 5 spell levels left.
You didn't know any spells.

Dungeon Overview and Level Annotations

Branches:
Dungeon (4/15)
 Temple: D:4-7

Altars:


Innate Abilities, Weirdness & Mutations

You cannot wear most types of armour.
You are very stealthy in the water. (Stealth+)
You are amphibious.
You can wear up to eight rings at the same time.
You can use your tentacles to constrict eight enemies at once.
Your skin changes colour to match your surroundings (Stealth+).
Your rubbery body absorbs attacks. (AC +1, EV +1)


Message History

An ogre is nearby!
Attack whom?
Press: ? - help, Dir - move target cursor, f - ogre
Aim: an ogre, wielding a giant club You reach to attack!
You hit the ogre.
The ogre is lightly wounded.
You hit the ogre.
The ogre is lightly wounded.
The ogre hits you with a giant club!!
Ouch! That really hurt!
You are too injured to fight recklessly!
You are too injured to fight recklessly!
You hit the ogre.
The ogre is moderately wounded.
The ogre barely misses you.
Your shield prevents you from hitting the ogre.
The ogre is moderately wounded.
The ogre hits you with a giant club!!
Ouch! That really hurt!
You die...

######## (......#
#.......# ######.#
#.......# # .....#.#
#....[..#.# ####.#.#
..=.....#.# .....#.#
......#.## ######.#
####.......# ....##.#
....?..O...# ....##.#
#...@...# ....##.#
#.....>.# ....'..#
#.......# # ....####
#.......#.####
....#########.............
#.####.....##.............
#.# #.###.######.##......
#.# #.# #.# #.# ......
#.####.# #.######.# .....


You could see an ogre.

Vanquished Creatures
  Purgy (Sewer)
  2 centaur skeletons
  An iguana (D:3)
  2 adders
  A river rat (D:3)
  5 worms (D:2)
  2 dart slugs (D:1)
  2 leopard geckos
  8 bats
  7 giant cockroaches
  6 goblins
  8 hobgoblins
  6 jackals (D:2)
  3 quokkas
  2 ball pythons
  9 frilled lizards
  9 kobolds
  10 rats
84 creatures vanquished.

Notes
Turn   | Place    | Note
-------+----------+-------------------------------------------
     0 | D:1      | Hasart the Octopode Fighter began the quest for the Orb.
     0 | D:1      | Reached XP level 1. HP: 16/16 MP: 1/1
    79 | D:1      | Reached XP level 2. HP: 21/21 MP: 2/2
   407 | D:1      | Reached XP level 3. HP: 26/26 MP: 3/3
  1228 | D:2      | Reached XP level 4. HP: 27/31 MP: 4/4
  1573 | D:3      | Found a glowing drain.
  1606 | Sewer    | Entered a sewer
  1783 | Sewer    | Noticed Purgy
  1834 | Sewer    | Killed Purgy
  1834 | Sewer    | Reached XP level 5. HP: 19/37 MP: 5/5
  2155 | D:3      | Reached XP level 6. HP: 43/43 MP: 6/6
  2762 | D:4      | Mangled by an ogre

Skill      XL: |  1  2  3  4  5  6 |
---------------+-------------------+-----
Polearms       | 3 4 |  4.4
Shields        | 4 |  4.2
Fighting       | 4 |  4.0
Dodging        | |  3.9

Action                   |  1- 3 |  4- 6 || total
-------------------------+-------+-------++-------
Melee: Trident           |    83 |   110 ||   193
       Constrict         |    22 |    21 ||    43
       Tentacles         |    13 |    13 ||    26
  Use: Potion            |       |     1 ||     1
 Stab: Sleeping          |     6 |     7 ||    13
  Eat: Chunk             |     1 |     4 ||     5
Armor: Skin              |     8 |    10 ||    18
Dodge: Dodged            |    27 |    43 ||    70
Block: Shield            |    29 |    44 ||    73
